TOP OF THE 1ST |
New York Mets batting - Pitching for Milwaukee Brewers : RHP Jon Gray
|
Pitching: RHP Jon Gray
|
|
Batting: SHB Jonathan Villar
|
0-0: Called Strike 0-1: Called Strike 0-2: Strikes out looking
|
Batting: RHB Starlin Castro
|
0-0: Called Strike 0-1: SINGLE (Line Drive, 78S)
|
Batting: LHB Eddie Rosario
|
0-0: Foul Ball, location: 2F 0-1: Ball 1-1: 2-RUN HOME RUN (Line Drive, 7LD), Distance : 379 ft
|
Batting: LHB Travis Shaw
|
0-0: Called Strike 0-1: Called Strike 0-2: Ball 1-2: Strikes out swinging
|
Batting: LHB Scott Schebler
|
0-0: Foul Ball, location: 2F 0-1: Swinging Strike 0-2: Strikes out looking
|
Top of the 1st over - 2 runs, 2 hits, 0 errors, 0 left on base; New York 2 - Milwaukee 0 |
BOTTOM OF THE 1ST |
Milwaukee Brewers batting - Pitching for New York Mets : RHP Lance Lynn
|
Pitching: RHP Lance Lynn
|
|
Batting: RHB Tommy Pham
|
0-0: Ball 1-0: Ground out 5-3 (Groundball, 5)
|
Batting: RHB Aaron Judge
|
0-0: Ball 1-0: Ball 2-0: Foul Ball, location: 2F 2-1: Foul Ball, location: 2F 2-2: Foul Ball, location: 2F 2-2: Ball 3-2: Fly out, F9 (Flyball, 89D)
|
Batting: RHB Logan Forsythe
|
0-0: Ball 1-0: Ball 2-0: Foul Ball, location: 2F 2-1: Swinging Strike 2-2: Ball 3-2: Fly out, F4 (Popup, 23)
|
Bottom of the 1st over - 0 runs, 0 hits, 0 errors, 0 left on base; New York 2 - Milwaukee 0 |
TOP OF THE 2ND |
New York Mets batting - Pitching for Milwaukee Brewers : RHP Jon Gray
|
Batting: LHB Mitch Moreland
|
0-0: Ball 1-0: Called Strike 1-1: Ball 2-1: Ball 3-1: Base on Balls
|
Batting: RHB Christian Vazquez
|
0-0: Called Strike 0-1: Sac Bunt to P - play at second, runner OUT! 1-6
|
Batting: RHB Nick Ahmed
|
0-0: Called Strike 0-1: Called Strike 0-2: Ball 1-2: Ball 2-2: Strikes out looking
|
Batting: SHB Lance Lynn
|
0-0: Ball 1-0: Foul Ball, location: 2F 1-1: DOUBLE (Flyball, 8RD) Christian Vazquez to third Runner from 3rd tries for Home, SAFE, throw by CF to home
|
Batting: SHB Jonathan Villar
|
0-0: Swinging Strike 0-1: Foul Ball, location: 2F 0-2: Strikes out swinging
|
Top of the 2nd over - 1 run, 1 hit, 0 errors, 1 left on base; New York 3 - Milwaukee 0 |
BOTTOM OF THE 2ND |
Milwaukee Brewers batting - Pitching for New York Mets : RHP Lance Lynn
|
Batting: RHB Miguel Cabrera
|
0-0: Ball 1-0: Ball 2-0: Foul Ball, location: 2F 2-1: Swinging Strike 2-2: SINGLE (Line Drive, 9S)
|
Batting: RHB Eugenio Suarez
|
0-0: Called Strike Balk! Miguel Cabrera to second 0-1: Ball 1-1: Ball 2-1: Called Strike 2-2: Ball 3-2: Foul Ball, location: 2F 3-2: Fly out, F7 (Flyball, 78S)
|
Batting: LHB Seth Smith
|
0-0: Fly out, F4 (Line Drive, 4)
|
Batting: RHB Addison Russell
|
0-0: SINGLE (Groundball, 6D) Miguel Cabrera to third Runner from 3rd tries for Home, SAFE, throw by CF to home
|
Batting: RHB Jon Gray
|
0-0: Called Strike 0-1: Fielders Choice at 2nd, 6-4 (Groundball, 6)
|
Bottom of the 2nd over - 1 run, 2 hits, 0 errors, 1 left on base; New York 3 - Milwaukee 1 |
TOP OF THE 3RD |
New York Mets batting - Pitching for Milwaukee Brewers : RHP Jon Gray
|
Batting: RHB Starlin Castro
|
0-0: Ball 1-0: Fly out, F7 (Line Drive, 7D)
|
Batting: LHB Eddie Rosario
|
0-0: Called Strike 0-1: Ball 1-1: Ball 2-1: Foul Ball, location: 2F 2-2: Strikes out swinging
|
Batting: LHB Travis Shaw
|
0-0: Called Strike 0-1: Foul Ball, location: 2F 0-2: Foul Ball, location: 2F 0-2: Strikes out swinging
|
Top of the 3rd over - 0 runs, 0 hits, 0 errors, 0 left on base; New York 3 - Milwaukee 1 |
BOTTOM OF THE 3RD |
Milwaukee Brewers batting - Pitching for New York Mets : RHP Lance Lynn
|
Batting: SHB Tucker Barnhart
|
0-0: Called Strike 0-1: Ball 1-1: Fly out, F4 (Popup, 4D)
|
Batting: RHB Tommy Pham
|
0-0: Ball 1-0: Foul Ball, location: 2F 1-1: Called Strike 1-2: Strikes out swinging
|
Batting: RHB Aaron Judge
|
0-0: Called Strike 0-1: Ball 1-1: Ball 2-1: Called Strike 2-2: Strikes out swinging
|
Bottom of the 3rd over - 0 runs, 0 hits, 0 errors, 0 left on base; New York 3 - Milwaukee 1 |
TOP OF THE 4TH |
New York Mets batting - Pitching for Milwaukee Brewers : RHP Jon Gray
|
Batting: LHB Scott Schebler
|
0-0: Foul Ball, location: 2F 0-1: Fly out, F7 (Flyball, 78M)
|
Batting: LHB Mitch Moreland
|
0-0: Called Strike 0-1: Ball 1-1: Ball 2-1: Called Strike 2-2: Foul Ball, location: 2F 2-2: Foul Ball, location: 2F 2-2: Foul Ball, location: 2F 2-2: Fly out, F8 (Line Drive, 8RM)
|
Batting: RHB Christian Vazquez
|
0-0: Called Strike 0-1: Called Strike 0-2: Strikes out swinging
|
Top of the 4th over - 0 runs, 0 hits, 0 errors, 0 left on base; New York 3 - Milwaukee 1 |
BOTTOM OF THE 4TH |
Milwaukee Brewers batting - Pitching for New York Mets : RHP Lance Lynn
|
Batting: RHB Logan Forsythe
|
0-0: Ball 1-0: Called Strike 1-1: Ball 2-1: Ball 3-1: Ground out U3 (Groundball, 34)
|
Batting: RHB Miguel Cabrera
|
0-0: Called Strike 0-1: Ball 1-1: Called Strike 1-2: Strikes out swinging
|
Batting: RHB Eugenio Suarez
|
0-0: Ball 1-0: Ball 2-0: Called Strike 2-1: Fly out, F9 (Flyball, 9S)
|
Bottom of the 4th over - 0 runs, 0 hits, 0 errors, 0 left on base; New York 3 - Milwaukee 1 |
TOP OF THE 5TH |
New York Mets batting - Pitching for Milwaukee Brewers : RHP Jon Gray
|
Batting: RHB Nick Ahmed
|
0-0: Ball 1-0: Ball 2-0: Foul Ball, location: 2F 2-1: Ball 3-1: Base on Balls
|
Batting: SHB Lance Lynn
|
0-0: Sac Bunt to 2R - play at second, runner OUT! 2-6
|
Batting: SHB Jonathan Villar
|
0-0: Ball 1-0: Foul Ball, location: 2F 1-1: Ball 2-1: SINGLE (Line Drive, 4D) Lance Lynn to second Runner from 2nd tries for 3rd, SAFE, no throw by CF
|
Batting: RHB Starlin Castro
|
0-0: Ball 1-0: Ball 2-0: Called Strike 2-1: Swinging Strike 2-2: Foul Ball, location: 2F 2-2: Ball 3-2: Foul Ball, location: 2F 3-2: Ground out 6-3 (Groundball, 6) Lance Lynn scores Jonathan Villar to second
|
Batting: LHB Eddie Rosario
|
0-0: Ball 1-0: DOUBLE (Flyball, 78XD) Jonathan Villar scores
|
Batting: LHB Travis Shaw
|
0-0: Ball 1-0: Ball 2-0: Ball 3-0: Called Strike 3-1: Base on Balls
|
Batting: LHB Scott Schebler
|
0-0: Fly out, F8 (Flyball, 8LS)
|
Top of the 5th over - 2 runs, 2 hits, 0 errors, 2 left on base; New York 5 - Milwaukee 1 |
BOTTOM OF THE 5TH |
Milwaukee Brewers batting - Pitching for New York Mets : RHP Lance Lynn
|
Batting: LHB Seth Smith
|
0-0: SINGLE (Groundball, 5D)
|
Batting: RHB Addison Russell
|
0-0: Ball 1-0: Ball 2-0: SINGLE (Groundball, 3D) Seth Smith to second Runner from 2nd tries for 3rd, SAFE, no throw by RF
|
Pinch Hitting: RHB Jabari Blash
|
0-0: Swinging Strike 0-1: Foul Ball, location: 2F 0-2: Strikes out looking
|
Batting: SHB Tucker Barnhart
|
0-0: Swinging Strike 0-1: Ball 1-1: Swinging Strike 1-2: Foul Ball, location: 2F 1-2: Strikes out swinging
|
Batting: RHB Tommy Pham
|
0-0: Called Strike 0-1: Ball 1-1: Called Strike 1-2: Ball 2-2: Fly out, F4 (Popup, 13)
|
Bottom of the 5th over - 0 runs, 2 hits, 0 errors, 2 left on base; New York 5 - Milwaukee 1 |
TOP OF THE 6TH |
New York Mets batting - Pitching for Milwaukee Brewers : RHP Jon Gray
|
Pitching: RHP Kyle Barraclough
|
|
Batting: LHB Mitch Moreland
|
0-0: Ball 1-0: Ball 2-0: Ball 3-0: Base on Balls
|
Batting: RHB Christian Vazquez
|
0-0: Ball 1-0: Ball 2-0: Fielders Choice at 2nd, 1-6 (Groundball, P)
|
Batting: RHB Nick Ahmed
|
0-0: Fly out, F7 (Line Drive, 7)
|
Batting: SHB Lance Lynn
|
0-0: Foul Ball, location: 2F 0-1: Foul Ball, location: 2F 0-2: Strikes out swinging
|
Top of the 6th over - 0 runs, 0 hits, 0 errors, 1 left on base; New York 5 - Milwaukee 1 |
BOTTOM OF THE 6TH |
Milwaukee Brewers batting - Pitching for New York Mets : RHP Lance Lynn
|
Batting: RHB Aaron Judge
|
0-0: Ball 1-0: Ground out 1-3 (Groundball, 13)
|
Batting: RHB Logan Forsythe
|
0-0: Fly out, F9 (Flyball, 9)
|
Batting: RHB Miguel Cabrera
|
0-0: Foul Ball, location: 2F 0-1: Ball 1-1: Ball 2-1: Ball 3-1: Foul Ball, location: 2F 3-2: SINGLE (Groundball, 4MD)
|
Batting: RHB Eugenio Suarez
|
0-0: Ball 1-0: Called Strike 1-1: Ball 2-1: Fly out, F9 (Line Drive, 9D)
|
Bottom of the 6th over - 0 runs, 1 hit, 0 errors, 1 left on base; New York 5 - Milwaukee 1 |
TOP OF THE 7TH |
New York Mets batting - Pitching for Milwaukee Brewers : RHP Kyle Barraclough
|
Pitching: RHP Pat Neshek
|
|
Batting: SHB Jonathan Villar
|
0-0: Ball 1-0: Ball 2-0: Foul Ball, location: 2F 2-1: DOUBLE (Groundball, 3L)
|
Batting: RHB Starlin Castro
|
0-0: Called Strike 0-1: Ground out 6-3 (Groundball, 6)
|
Batting: LHB Eddie Rosario
|
0-0: Foul Ball, location: 2F 0-1: Ball 1-1: Ball 2-1: SINGLE (Flyball, 7LS) Jonathan Villar to third Runner from 3rd tries for Home, SAFE, throw by LF to home
|
Batting: LHB Travis Shaw
|
0-0: Ball 1-0: Ball 2-0: Fly out, F8 (Line Drive, 8RM)
|
Batting: LHB Scott Schebler
|
0-0: Ground out 1-3 (Groundball, 34S)
|
Top of the 7th over - 1 run, 2 hits, 0 errors, 1 left on base; New York 6 - Milwaukee 1 |
BOTTOM OF THE 7TH |
Milwaukee Brewers batting - Pitching for New York Mets : RHP Lance Lynn
|
Pitching: LHP Andrew Suarez
|
|
Batting: LHB Seth Smith
|
0-0: Ball 1-0: Called Strike 1-1: Foul Ball, location: 2F 1-2: Fly out, F8 (Flyball, 8RXD)
|
Batting: RHB Addison Russell
|
0-0: SOLO HOME RUN (Line Drive, 7D), Distance : 375 ft
|
Pinch Hitting: RHB Taylor Motter
|
0-0: Ball 1-0: Called Strike 1-1: Foul Ball, location: 2F 1-2: Foul Ball, location: 2F 1-2: Ball 2-2: SOLO HOME RUN (Line Drive, 78XD), Distance : 411 ft
|
Pitching: RHP Nick Wittgren
|
|
Batting: SHB Tucker Barnhart
|
0-0: Called Strike 0-1: Called Strike 0-2: Ball 1-2: Ball 2-2: Foul Ball, location: 2F 2-2: Ball 3-2: Strikes out swinging
|
Batting: RHB Tommy Pham
|
0-0: Ball 1-0: Foul Ball, location: 2F 1-1: Foul Ball, location: 2F 1-2: Strikes out looking
|
Bottom of the 7th over - 2 runs, 2 hits, 0 errors, 0 left on base; New York 6 - Milwaukee 3 |
TOP OF THE 8TH |
New York Mets batting - Pitching for Milwaukee Brewers : RHP Pat Neshek
|
Pitching: RHP Chad Green
|
|
Batting: LHB Mitch Moreland
|
0-0: Ball 1-0: Called Strike 1-1: Swinging Strike 1-2: Strikes out swinging
|
Batting: RHB Christian Vazquez
|
0-0: Ball 1-0: Fly out, F8 (Flyball, 8LS)
|
Batting: RHB Nick Ahmed
|
0-0: Fly out, F9 (Flyball, 9S)
|
Top of the 8th over - 0 runs, 0 hits, 0 errors, 0 left on base; New York 6 - Milwaukee 3 |
BOTTOM OF THE 8TH |
Milwaukee Brewers batting - Pitching for New York Mets : RHP Nick Wittgren
|
Pitching: RHP Zach McAllister
|
|
Batting: RHB Aaron Judge
|
0-0: Swinging Strike 0-1: Ball 1-1: Foul Ball, location: 2F 1-2: Strikes out looking
|
Batting: RHB Logan Forsythe
|
0-0: Ground out 1-3 (Groundball, P)
|
Batting: RHB Miguel Cabrera
|
0-0: Ball 1-0: Ball 2-0: Called Strike 2-1: SINGLE (Flyball, 7S)
|
Batting: RHB Eugenio Suarez
|
0-0: Called Strike 0-1: Ball 1-1: Called Strike 1-2: Foul Ball, location: 2F 1-2: Ball 2-2: Strikes out looking
|
Bottom of the 8th over - 0 runs, 1 hit, 0 errors, 1 left on base; New York 6 - Milwaukee 3 |
TOP OF THE 9TH |
New York Mets batting - Pitching for Milwaukee Brewers : RHP Chad Green
|
Batting: RHB Zach McAllister
|
0-0: Ball 1-0: Called Strike 1-1: Foul Ball, location: 2F 1-2: Strikes out swinging
|
Batting: SHB Jonathan Villar
|
0-0: Hit by Pitch
|
Batting: RHB Starlin Castro
|
0-0: Called Strike 0-1: Ball 1-1: Called Strike 1-2: Ball 2-2: Foul Ball, location: 2F 2-2: Ball 3-2: DOUBLE (Line Drive, 8LXD) Jonathan Villar to third Jonathan Villar scores
|
Batting: LHB Eddie Rosario
|
0-0: Ball 1-0: Fly out, F9 (Flyball, 9S)
|
Batting: LHB Travis Shaw
|
0-0: Ball 1-0: Ball 2-0: Called Strike 2-1: Ball 3-1: Base on Balls
|
Batting: LHB Scott Schebler
|
0-0: Called Strike 0-1: Ball 1-1: Called Strike 1-2: Strikes out swinging
|
Top of the 9th over - 1 run, 1 hit, 0 errors, 2 left on base; New York 7 - Milwaukee 3 |
BOTTOM OF THE 9TH |
Milwaukee Brewers batting - Pitching for New York Mets : RHP Zach McAllister
|
Batting: LHB Seth Smith
|
0-0: Ball 1-0: Ball 2-0: Foul Ball, location: 2F 2-1: SINGLE (Groundball, 34D)
|
Batting: RHB Addison Russell
|
0-0: Ball 1-0: Foul Ball, location: 2F 1-1: Ball 2-1: Ball 3-1: Called Strike 3-2: SINGLE (Groundball, 56S) (infield hit) Seth Smith to second
|
Pinch Hitting: LHB Lucas Duda
|
0-0: Ball 1-0: Swinging Strike 1-1: Ball 2-1: Swinging Strike 2-2: Strikes out looking
|
Batting: SHB Tucker Barnhart
|
0-0: Ball 1-0: Foul Ball, location: 2F 1-1: Foul Ball, location: 2F 1-2: Fly out, F4 (Popup, 4)
|
Batting: RHB Tommy Pham
|
0-0: Foul Ball, location: 2F 0-1: Ball 1-1: Ground out 5-3 (Groundball, 56S)
|
Bottom of the 9th over - 0 runs, 2 hits, 0 errors, 2 left on base; New York 7 - Milwaukee 3 |
|